 Dungeon Crawl Stone Soup version 0.25-a0-1056-g2efb326896 (webtiles) character file.

Game seed: 14777119604797279409, levelgen mode: classic

620 Amnesiac the Ducker (level 7, 0/44 HPs)
             Began as a Deep Elf Fighter on May 13, 2020.
             Was a Follower of Okawaru.
             Slain by a centaur (8 damage)
             ... on level 5 of the Dungeon.
             The game lasted 00:11:44 (4556 turns).

Amnesiac the Ducker (Deep Elf Fighter)              Turns: 4556, Time: 00:11:44

Health: 0/44       AC:  8    Str: 15    XL:     7   Next: 22%
Magic:  9/9        EV:  9    Int: 13    God:    Okawaru [*.....]
Gold:   21         SH:  8    Dex: 14    Spells: 6/6 levels left

rFire    . . .     SeeInvis .   a - +0 dagger (venom)
rCold    . . .     Gourm    .   c - +0 kite shield
rNeg     . . .     Faith    .   n - +0 scale mail
rPois    .         Spirit   .   (no helmet)
rElec    .         Reflect  .   r - +0 cloak
rCorr    .         Harm     .   (no gloves)
MR       .....                  (no boots)
Stlth    ..........             (no amulet)
HPRegen  0.14/turn              s - ring of flight
MPRegen  0.11/turn              (no ring)

@: no status effects
A: no striking features
a: Heroism, Renounce Religion, Evoke Flight


You were on level 5 of the Dungeon.
You worshipped Okawaru.
Okawaru was aware of your devotion.
You were hungry.

You visited 1 branch of the dungeon, and saw 6 of its levels.

You collected 125 gold pieces.
You spent 104 gold pieces at shops.

Inventory:

Hand Weapons
 a - a +0 dagger of venom (weapon)
 b - a +2 mace of protection
 u - a +0 war axe
Missiles
 o - 38 arrows
Armour
 c - a +0 kite shield (worn)
 n - a +0 scale mail (worn)
 r - a +0 cloak (worn)
Jewellery
 s - a ring of flight (left hand)
Scrolls
 e - 4 scrolls of remove curse {!r}
 g - a scroll of fear {!r}
 h - a scroll of immolation {!r, unknown}
 j - 2 scrolls of magic mapping {!r}
 q - 3 scrolls of random uselessness {!r}
 t - a scroll of noise {!r}
 x - a scroll of teleportation {!r}
 y - a scroll of enchant weapon {!r}
 B - a scroll of fog {!r}
 C - 2 scrolls of identify {!r}
Potions
 d - a potion of might {!q}
 i - 2 potions of resistance {!q}
 k - a potion of degeneration {!q, unknown}
 l - a potion of flight {!q, unknown}
 m - 2 potions of heal wounds {!q, unknown}
 p - a potion of curing {!q, unknown}
 v - a potion of cancellation {!q}
 w - a potion of berserk rage {!q, unknown}
 z - a potion of stabbing {!q, unknown}
 A - a potion of mutation {!q, unknown}
Comestibles
 f - 9 rations
 D - 7 chunks of flesh


   Skills:
 * Level 4.4 Fighting
 + Level 1.1 Short Blades
 - Level 2.0 Axes
 * Level 4.4 Armour
 + Level 4.4 Dodging
 - Level 2.4 Shields


You had 6 spell levels left.
You didn't know any spells.
Your spell library was empty.

Dungeon Overview and Level Annotations

Branches:
Dungeon (6/15)
 Temple: D:4-7

Altars:
Dithmenos
Okawaru
Ru

Shops:
D:4 ?   D:5 *

Annotations:
D:5 exclusion: upstairs


Message History

The arrow barely misses you.
You see here an arrow.
The centaur shoots an arrow.
The arrow hits you!
You see here an arrow.
The centaur shoots an arrow.
You block the arrow.
You see here an arrow.
The centaur shoots an arrow.
The arrow hits you.
The centaur shoots an arrow.
The arrow hits you.
You see here 2 arrows.
The centaur shoots an arrow.
The arrow hits you!
Found a ration.
You see here an arrow.
The centaur shoots an arrow.
You block the arrow.
You see here an arrow.
The centaur unwields a +0 shortbow.
The centaur hits you.
* * * LOW HITPOINT WARNING * * *
The centaur hits you but does no damage.
You hit the centaur but do no damage.
The centaur hits you but does no damage.
You hit the centaur.
The centaur is poisoned.
The centaur is lightly wounded.
The centaur hits you.
* * * LOW HITPOINT WARNING * * *
The centaur hits you.
* * * LOW HITPOINT WARNING * * *
You completely miss the centaur.
The centaur is lightly wounded.
The centaur hits you.
* * * LOW HITPOINT WARNING * * *
You hit the centaur.
The centaur looks as sick as possible!
The centaur is lightly wounded.
You block the centaur's attack. x2
You hit the centaur but do no damage.
The centaur is lightly wounded.
You are feeling hungry.
The centaur hits you.
* * * LOW HITPOINT WARNING * * *
You completely miss the centaur.
The centaur is lightly wounded.
The centaur barely misses you.
The centaur hits you but does no damage.
Really quaff
i - 3 glowing yellow potions {!q}?
It was a potion of resistance {!q}.
You feel protected. You block the centaur's attack.
You hit the centaur but do no damage.
The centaur is moderately wounded.
You block the centaur's attack. The centaur hits you.
* * * LOW HITPOINT WARNING * * *
Your shield and scale mail prevent you from hitting the centaur.
The centaur is moderately wounded.
You block the centaur's attack.
Really quaff
v - 2 sedimented puce potions {!q}?
It was a potion of cancellation {!q}.
Your magical effects are unravelling.
You feel magically purged.
Your resistance to elements expires.
You block the centaur's attack.
The centaur hits you but does no damage.
Okay, then.
You hit the centaur.
The centaur is severely wounded.
You block the centaur's attack. The centaur hits you!
You die...

#######........<.#)#.......#.#
#.##.#.........#.#####.# #####
#.##.####.#..#.#.......# ....#
#.##.#.......#.######### ....#
#....#........รท....... ....#
#.####................ ....#
####(............... ....#
#........c.......... ....#
#..(((((@........... ....#
#............####### ....#
#............... ..>.#
#####........... #.###
#........... ... #...........
.... ####...##%.. #...# ...


You could see a centaur (very poisoned).

Vanquished Creatures
  A phantom (D:6)
  An ogre (D:4)
  2 scorpions
  A crimson imp (D:6)
  A bullfrog skeleton (D:5)
  2 hounds
  A worker ant (D:6)
  4 gnolls
  A howler monkey skeleton (D:4)
  6 adders
  A shadow imp (D:5)
  An ooze (D:1)
  An adder zombie (D:5)
  4 worms
  A leopard gecko (D:3)
  6 orcs
  8 goblins
  9 hobgoblins
  7 jackals
  3 quokkas
  A ball python (D:1)
  4 bats
  6 frilled lizards
  8 kobolds
  2 leopard gecko skeletons (D:5)
  8 rats
90 creatures vanquished.

Notes
Turn   | Place    | Note
-------+----------+-------------------------------------------
     0 | D:1      | Amnesiac the Deep Elf Fighter began the quest for the Orb.
     0 | D:1      | Reached XP level 1. HP: 13/13 MP: 3/3
   248 | D:2      | Reached skill level 1 in Dodging
   293 | D:2      | Reached XP level 2. HP: 7/18 MP: 4/4
   530 | D:3      | Found a shadowy altar of Dithmenos.
   844 | D:2      | Reached XP level 3. HP: 18/22 MP: 5/5
   994 | D:2      | Found an iron altar of Okawaru.
  1002 | D:2      | Became a worshipper of Warmaster Okawaru
  1572 | D:1      | Reached XP level 4. HP: 26/27 MP: 6/6
  2402 | D:3      | Found a sacrificial altar of Ru.
  2563 | D:3      | You fall into a shaft and drop 2 floors!
  2563 | D:5      | Entered Level 5 of the Dungeon
  2574 | D:5      | Found Jala's General Store.
  2596 | D:5      | Bought a scroll of remove curse for 39 gold pieces
  2627 | D:5      | Reached XP level 5. HP: 28/32 MP: 7/7
  2880 | D:5      | Noticed an ice beast
  2960 | D:6      | Noticed a phantom
  3008 | D:6      | Killed a phantom
  3008 | D:6      | Reached XP level 6. HP: 23/38 MP: 8/8
  3197 | D:5      | Reached * piety under Okawaru
  3537 | D:4      | Found Wudyaw's Magic Scroll Boutique.
  3623 | D:4      | You fall into a shaft and drop 2 floors!
  3961 | D:4      | Reached skill level 1 in Short Blades
  3961 | D:4      | Reached XP level 7. HP: 21/44 MP: 9/9
  4138 | D:4      | Bought a scroll of teleportation for 39 gold pieces
  4138 | D:4      | Bought a scroll of fog for 26 gold pieces
  4556 | D:5      | Slain by a centaur

Illustrated notes

Levels and vault maps discovered:
D:1:      dpeg_arrival_line_fractal, layout_rooms, minmay_misc_feat_cross
D:2:      layout_loops_ring, kennysheep_okawaru_gauntlet
D:3:      layout_basic, nicolae_ru_sacrificial_ziggurat,
          grunt_dithmenos_smoke_and_mirrors
D:4:      layout_basic, serial_shops, shop_scrolls, minmay_misc_feat_room
D:5:      layout_basic, minmay_temple_entry_antechambers, first_ration,
          serial_shops, shop, uniq_pikel
D:6:      layout_basic, gammafunk_temple_overflow_elements,
          kennysheep_generic_room_9

Skill      XL: |  1  2  3  4  5  6 |
---------------+-------------------+-----
Axes           | 2 |  2.0
Dodging        | 2 3 4 |  4.4
Fighting       | 3 4 |  4.4
Armour         | 3 4 |  4.4
Short Blades   | 1 |  1.1
Shields        | |  2.4

Action                   |  1- 3 |  4- 6 |  7- 9 || total
-------------------------+-------+-------+-------++-------
Melee: War axe           |   182 |    53 |       ||   235
       Dagger            |       |   105 |    34 ||   139
       Mace              |       |    45 |    11 ||    56
  Use: Potion            |     1 |       |     2 ||     3
       Scroll            |       |     5 |       ||     5
  Eat: Chunk             |     3 |     8 |     1 ||    12
Armor: Scale mail        |    82 |    70 |    13 ||   165
Dodge: Dodged            |    75 |    70 |    11 ||   156
Block: Kite shield       |    89 |    71 |    25 ||   185

Table legend:
 A = Non-vault XP
 B = Vault XP
 C = Vault XP percentage of total XP
 D = Non-vault monster count
 E = Vault monster count
 F = Vault count percentage of total count
                 A         B        C        D         E       F
            +---------+---------+-------+---------+---------+-------
      Total |     886 |       0 |   0.0 |      90 |       0 |   0.0
            +---------+---------+-------+---------+---------+-------
        D:1 |      47 |       0 |   0.0 |      27 |       0 |   0.0
        D:2 |      79 |       0 |   0.0 |      25 |       0 |   0.0
        D:3 |      78 |       0 |   0.0 |      12 |       0 |   0.0
        D:4 |     252 |       0 |   0.0 |       9 |       0 |   0.0
        D:5 |     182 |       0 |   0.0 |      13 |       0 |   0.0
        D:6 |     248 |       0 |   0.0 |       4 |       0 |   0.0
            +---------+---------+-------+---------+---------+-------
